[Event "Titled Tuesday Blitz June 20 Early 2023"]
[White "Drozdowski, Kacper"]
[Black "Gheorghiu, Calin"]
[WhiteFideId "1136720"]
[BlackFideId "1200305"]
[WhiteElo "2497"]
[BlackElo "2204"]
[Result "0-1"]
[Round "2"]
[TimeControl "180+2"]
[Date "2023.06.20"]
[WhiteClock "0:00:15"]
[BlackClock "0:00:12"]
[Board "116"]

1. e4 c5 2. Nf3 d6 3. d4 cxd4 4. Nxd4 Nf6 5. f3 e5 6. Nb3 d5 7. Bg5 d4 8. c3 Nc6 9. Bb5 h6 10. Bxf6 Qxf6 11. cxd4 Bb4+ 12. Nc3 O-O 13. Bxc6 bxc6 14. dxe5 Qxe5 15. Qd4 Qb5 16. O-O-O Bxc3 17. Qxc3 Be6 18. Nd4 Qg5+ 19. Qd2 Bxa2 20. Qxg5 hxg5 21. Rd3 c5 22. Nc6 f6 23. Rc3 Rf7 24. Rd1 Rc7 25. Rd6 Rac8 26. Na5 Bf7 27. Kc2 Rb8 28. Rc6 Rxc6 29. Nxc6 Rb7 30. Rxc5 Rc7 31. b4 Be8 32. Nd4 Rxc5+ 33. bxc5 Kf7 34. Kc3 Ke7 35. Nf5+ Kf7 36. Kb4 g6 37. Ne3 Ke6 38. Nd5 Bc6 39. Kc4 f5 40. Kd4 a5 41. Nb6 g4 42. fxg4 fxe4 43. h4 a4 44. Nc4 Kf6 45. g3 g5 46. h5 Kg7 47. Ne3 a3 48. Kc3 Ba4 49. Nc4 a2 50. Kb2 Bb3 51. Ne3 Kf6 52. c6 Ke7 53. h6 Bg8 54. Nd5+ Kd6 55. Nf6 e3 56. Nxg8 e2 57. h7 a1=Q+ 58. Kxa1 e1=Q+ 59. Kb2 Qe2+ 60. Kc3 Qe3+ 61. Kb2 Qd2+ 62. Ka3 Qd3+ 63. Kb4 Qxh7 64. Nf6 Qf7 65. Ne4+ Kxc6 66. Kc3 Qe7 67. Kd4 Qd7+ 68. Ke5 Qd5+ 69. Kf6 Qxe4 70. Kxg5 Kd6 71. Kh5 Ke7 72. g5 Kf7 73. g6+ Qxg6+ 74. Kh4 Kf6 75. Kh3 Kf5 76. Kg2 Qg4 77. Kf2 Ke4 78. Ke1 Qf3 79. Kd2 Kd4 80. Kc1 Qe2 81. Kb1 Kc3 82. Ka1 Qb2# 0-1


[Site "https://www.chess.com"]

[Event "Titled Tuesday Blitz June 20 Early 2023"]
[White "Vyatkin, Dmitry"]
[Black "Sattarov, Bobir"]
[WhiteFideId "4171900"]
[BlackFideId "14203081"]
[WhiteElo "2279"]
[BlackElo "2351"]
[Result "0-1"]
[Round "2"]
[TimeControl "180+2"]
[Date "2023.06.20"]
[WhiteClock "0:00:00"]
[BlackClock "0:00:01"]
[Board "117"]

1. d4 Nf6 2. c4 e6 3. g3 d5 4. Nf3 dxc4 5. Bg2 c6 6. O-O b5 7. a4 Bb7 8. Ne5 a6 9. Nc3 Bb4 10. Bg5 O-O 11. axb5 axb5 12. Rxa8 Bxa8 13. Nxb5 cxb5 14. Bxa8 Qa5 15. Bf3 Nd5 16. e4 Nb6 17. Be3 Rd8 18. Bh5 g6 19. Bf3 N6d7 20. Ng4 Qa2 21. Qc1 h5 22. Nh6+ Kg7 23. d5 e5 24. Bd1 Nf6 25. f4 Nbd7 26. fxe5 Nxe5 27. Rxf6 Kxf6 28. Bg5+ Kg7 29. Bxd8 Qa7+ 30. Kh1 Qf2 31. Qf4 Qe1+ 32. Kg2 Bd6 33. Bf6+ Kh7 34. Bxe5 Bxe5 35. Qxe5 Qd2+ 36. Kh3 Qxd1 37. Qf4 f6 38. Nf7 Kg7 39. Nd8 g5 40. Ne6+ Kg8 0-1


[Site "https://www.chess.com"]

[Event "Titled Tuesday Blitz June 20 Early 2023"]
[White "Csonka, Balazs"]
[Black "Luo, Terry"]
[WhiteFideId "742910"]
[BlackFideId "30931045"]
[WhiteElo "2404"]
[BlackElo "2265"]
[Result "0-1"]
[Round "2"]
[TimeControl "180+2"]
[Date "2023.06.20"]
[WhiteClock "0:00:00"]
[BlackClock "0:00:39"]
[Board "118"]

1. d4 Nf6 2. c4 g6 3. g3 Bg7 4. Bg2 O-O 5. Nc3 d6 6. Nf3 c5 7. d5 e6 8. O-O exd5 9. cxd5 a6 10. a4 Nbd7 11. h3 Re8 12. Bf4 Qc7 13. Re1 Nh5 14. Bg5 h6 15. Bc1 Ne5 16. Nxe5 Rxe5 17. e4 Re8 18. Be3 Bd7 19. Qd2 Kh7 20. a5 b5 21. axb6 Qxb6 22. g4 Nf6 23. f4 Rab8 24. Ra2 Bb5 25. Rea1 Bc4 26. Ra4 Bb5 27. Nxb5 Qxb5 28. R1a2 c4 29. Qc2 Qb3 30. Qxb3 Rxb3 31. Bd4 Nxe4 32. Bxg7 Kxg7 33. Rxa6 c3 34. bxc3 Nxc3 35. Rf2 Re1+ 36. Kh2 Nb5 37. f5 gxf5 38. Rxf5 Rb2 39. Kg3 Rg1 40. Rf2 Rb3+ 41. Kh2 Re1 42. Rb6 Re7 43. Bf1 Nd4 44. Rxd6 Rbe3 45. Rdf6 Rd7 46. d6 Re6 47. Rxe6 Nxe6 48. Rd2 Kf6 49. Bb5 Rd8 50. Kg3 Ke5 51. Kf3 Nd4+ 52. Rxd4 Kxd4 53. d7 Kc5 54. Ba4 Kd6 55. Kf4 Ke6 56. Ke4 Ra8 57. Bc6 Rb8 58. Bd5+ Ke7 59. Bc6 Rb4+ 60. Kd5 Rb3 61. h4 Rh3 62. g5 Rxh4 63. gxh6 Rxh6 64. Kc5 f5 65. Ba4 f4 66. Kd4 Re6 67. Bb5 f3 68. Bc4 Re1 69. Kc3 f2 70. Kd2 f1=Q 71. Bxf1 Rxf1 0-1


[Site "https://www.chess.com"]

[Event "Titled Tuesday Blitz June 20 Early 2023"]
[White "Marek, Matyas"]
[Black "Rizzo, Tobias"]
[WhiteFideId "335398"]
[BlackFideId "30942691"]
[WhiteElo "2302"]
[BlackElo "2451"]
[Result "0-1"]
[Round "2"]
[TimeControl "180+2"]
[Date "2023.06.20"]
[WhiteClock "0:00:15"]
[BlackClock "0:00:10"]
[Board "119"]

1. Nf3 Nf6 2. g3 g6 3. Bg2 Bg7 4. O-O O-O 5. d3 d5 6. Nbd2 c5 7. e4 Nc6 8. Re1 h6 9. exd5 Nxd5 10. Nc4 Rb8 11. a4 a6 12. a5 Be6 13. c3 Nc7 14. Bf4 Bxc4 15. dxc4 Rc8 16. Qb3 Ne6 17. Red1 Qe8 18. Be3 Rc7 19. Qb6 Qc8 20. Nd2 Ne5 21. h3 Rd8 22. Qb3 Rcd7 23. Ne4 Kh7 24. Rd5 Rxd5 25. cxd5 c4 26. Qb6 Nc7 27. Rd1 Nxd5 28. Rxd5 Rxd5 29. Ng5+ hxg5 30. Bxd5 Qxh3 31. Qxb7 g4 32. Bg2 Qh5 33. Qe4 e6 34. Bf4 Nf3+ 35. Kf1 Qxa5 36. Bxf3 gxf3 37. Qxf3 Qd5 38. Ke2 f5 39. Qe3 e5 40. Bg5 Kg8 41. Qa7 a5 42. Qb8+ Kh7 43. Qa7 Kg8 44. Qb8+ Kh7 45. Qa7 Qd3+ 46. Ke1 Qe4+ 47. Qe3 Qxe3+ 48. Bxe3 a4 49. Bc5 Kg8 50. Kd2 Kf7 51. Ke3 Ke6 52. f3 Kd5 53. Ba3 Bh6+ 54. Ke2 Bc1 55. Kd1 Bh6 56. Ke2 e4 57. fxe4+ Kxe4 58. Bd6 g5 59. Kf2 f4 60. gxf4 gxf4 61. Ke2 f3+ 62. Kf2 Be3+ 63. Ke1 Kd3 64. Ba3 Kc2 65. Kf1 Bc1 66. Kf2 Bxb2 67. Bb4 a3 68. Kxf3 a2 69. Bc5 a1=Q 70. Bd4 Qd1+ 71. Ke4 Bxc3 72. Kd5 Qxd4+ 0-1


[Site "https://www.chess.com"]

[Event "Titled Tuesday Blitz June 20 Early 2023"]
[White "Shtompel, Yuriy"]
[Black "benny_aizenberg"]
[WhiteFideId "14168278"]
[WhiteElo "1844"]
[BlackElo "2665"]
[Result "1-0"]
[Round "2"]
[TimeControl "180+2"]
[Date "2023.06.20"]
[WhiteClock "0:00:10"]
[BlackClock "0:00:00"]
[Board "120"]

1. Nf3 Nf6 2. g3 e6 3. Bg2 d5 4. O-O c5 5. d3 Nc6 6. Nbd2 Be7 7. e4 O-O 8. h3 b5 9. Re1 Bb7 10. a4 b4 11. exd5 exd5 12. b3 a5 13. Bb2 Re8 14. Ne5 Nxe5 15. Bxe5 Bd6 16. Nf3 Bxe5 17. Nxe5 Qd6 18. d4 Ne4 19. Bxe4 dxe4 20. Nc4 Qc7 21. dxc5 Qxc5 22. Qd6 Qc8 23. Kh2 Ra6 24. Qf4 Rh6 25. h4 f6 26. Nd6 Qe6 27. Nxb7 g5 28. Qe3 1-0


[Site "https://www.chess.com"]

[Event "Titled Tuesday Blitz June 20 Early 2023"]
[White "Stepanencu, Nicodim-Cosmin"]
[Black "Lalanne, Pablo"]
[WhiteFideId "1256220"]
[BlackFideId "112151"]
[WhiteElo "2154"]
[BlackElo "2120"]
[Result "1-0"]
[Round "2"]
[TimeControl "180+2"]
[Date "2023.06.20"]
[WhiteClock "0:00:12"]
[BlackClock "0:00:16"]
[Board "121"]

1. f4 d5 2. Nf3 g6 3. e3 Bg7 4. Be2 c5 5. O-O Nc6 6. d3 e6 7. Nc3 Nge7 8. e4 O-O 9. Kh1 Rb8 10. a4 a6 11. e5 b5 12. axb5 axb5 13. d4 b4 14. Nb5 cxd4 15. Nfxd4 Nxd4 16. Qxd4 Nc6 17. Qc5 Bd7 18. Nd6 b3 19. c3 f6 20. Bb5 Ne7 21. Bxd7 Qxd7 22. Ra7 Qd8 23. Nb7 Qe8 24. Na5 Nf5 25. g4 Nh6 26. Nc6 fxe5 27. Re7 Qc8 28. Qa7 Nf7 29. Nxb8 Qxb8 30. Rxf7 Qxa7 31. Rxa7 d4 32. Kg2 e4 33. cxd4 Bxd4 34. Rd7 e5 35. fxe5 1-0


[Site "https://www.chess.com"]

[Event "Titled Tuesday Blitz June 20 Early 2023"]
[White "Eugene, Floryan"]
[Black "Buscar, Michael"]
[WhiteFideId "20694784"]
[BlackFideId "2603616"]
[WhiteElo "2369"]
[BlackElo "2010"]
[Result "1-0"]
[Round "2"]
[TimeControl "180+2"]
[Date "2023.06.20"]
[WhiteClock "0:00:32"]
[BlackClock "0:00:10"]
[Board "122"]

1. d4 d5 2. Nf3 e6 3. c4 c5 4. Nc3 Nc6 5. cxd5 exd5 6. g3 Nf6 7. Bg2 Be7 8. O-O O-O 9. dxc5 Bxc5 10. a3 Be6 11. b4 Be7 12. Bb2 Rc8 13. e3 Ne4 14. Ne2 Bf6 15. Nfd4 Bd7 16. Nf4 Nxd4 17. Bxd4 Bb5 18. Re1 Bc4 19. Nh5 b6 20. Bxe4 dxe4 21. Nxf6+ gxf6 22. Qg4+ Kh8 23. Rac1 Re8 24. Red1 Qe7 25. Qh4 Kg7 26. Qg5+ Kf8 27. Bxf6 1-0


[Site "https://www.chess.com"]

[Event "Titled Tuesday Blitz June 20 Early 2023"]
[White "Skaric, Djuro"]
[Black "Arat, Ufuk Sezen"]
[WhiteFideId "934569"]
[BlackFideId "6309089"]
[WhiteElo "2282"]
[BlackElo "2289"]
[Result "0-1"]
[Round "2"]
[TimeControl "180+2"]
[Date "2023.06.20"]
[WhiteClock "0:02:24"]
[BlackClock "0:02:18"]
[Board "123"]

1. g3 d5 2. Bg2 Nf6 3. d3 c6 4. Nf3 g6 5. O-O Bg7 6. h3 O-O 7. Nc3 Nbd7 8. e4 dxe4 9. dxe4 e5 10. Be3 Qc7 11. Qe2 Re8 12. Nd2 b5 13. a3 a5 14. Rfe1 Ba6 15. b4 Nb6 16. Nb3 Nc4 17. Nxa5 Nxa5 18. bxa5 Qxa5 19. Bd2 Qc7 20. f4 b4 21. Qf2 bxc3 22. Bxc3 exf4 23. gxf4 Nxe4 24. Rxe4 Bxc3 25. Rxe8+ Rxe8 26. Rd1 c5 27. Bd5 Bd4 0-1


[Site "https://www.chess.com"]

[Event "Titled Tuesday Blitz June 20 Early 2023"]
[White "Francisco_Ferrari"]
[Black "Hajiyev, Kanan"]
[BlackFideId "13404148"]
[WhiteElo "2266"]
[BlackElo "2115"]
[Result "1/2-1/2"]
[Round "2"]
[TimeControl "180+2"]
[Date "2023.06.20"]
[WhiteClock "0:00:09"]
[BlackClock "0:00:06"]
[Board "124"]

1. Nf3 d5 2. d4 Nf6 3. e3 c5 4. Be2 cxd4 5. exd4 Nc6 6. O-O Bf5 7. c3 e6 8. Bf4 Bd6 9. Bxd6 Qxd6 10. h3 O-O 11. Bd3 Ne4 12. Qe2 Rab8 13. Nbd2 Rfc8 14. Nxe4 dxe4 15. Bxe4 Bxe4 16. Qxe4 h6 17. Rad1 b5 18. Rfe1 Rd8 19. Ne5 Nxe5 20. Qxe5 Qxe5 21. Rxe5 a5 22. Kf1 Kf8 23. Ke2 b4 24. Rxa5 bxc3 25. bxc3 Rb2+ 26. Rd2 Rb1 27. Rc5 Ra8 28. c4 Ra1 29. Rc7 R8xa2 30. Rxa2 Rxa2+ 31. Ke3 Rc2 32. c5 g5 33. g4 Ke8 34. f3 Rh2 35. Ke4 Rxh3 36. c6 Rh1 37. Ke5 Rd1 38. Kf6 Kd8 39. Rd7+ Ke8 40. Re7+ Kd8 41. c7+ Kc8 42. Rxf7 Rxd4 43. Kxe6 Rd3 44. Rh7 Rc3 45. Kd6 Rd3+ 46. Ke5 Rxf3 47. Ke4 Rf4+ 48. Ke5 Rxg4 49. Kd6 Rd4+ 50. Kc6 Rc4+ 51. Kd6 Rd4+ 52. Kc6 Rc4+ 53. Kd6 Rd4+ 1/2-1/2


[Site "https://www.chess.com"]

[Event "Titled Tuesday Blitz June 20 Early 2023"]
[White "Kuzmin, Ilya"]
[Black "Janaszak, Dawid"]
[WhiteFideId "4153863"]
[BlackFideId "1119206"]
[WhiteElo "2093"]
[BlackElo "2220"]
[Result "0-1"]
[Round "2"]
[TimeControl "180+2"]
[Date "2023.06.20"]
[WhiteClock "0:00:00"]
[BlackClock "0:00:05"]
[Board "125"]

1. d4 Nf6 2. c4 g6 3. f3 d6 4. e4 Bg7 5. Nc3 O-O 6. Bg5 h6 7. Be3 a6 8. Qd2 Kh7 9. O-O-O b5 10. cxb5 axb5 11. Bxb5 Ba6 12. Bxa6 Nxa6 13. e5 Nd7 14. f4 Nb6 15. b3 e6 16. Nge2 dxe5 17. dxe5 Qe7 18. Kb1 Nb4 19. Bxb6 cxb6 20. Qd6 Rfe8 21. Qxe7 Rxe7 22. Rd6 Rea7 23. a4 Rc7 24. Rxb6 Nd3 25. g3 Rac8 26. Rd1 Nf2 27. Rc1 Nd3 28. Rc2 Ne1 29. Rd2 Nf3 30. Ra2 Bf8 31. Ne4 Bc5 32. Nxc5 Rxc5 33. a5 Rd5 34. Rc2 Rxc2 35. Kxc2 Rd2+ 36. Kc3 Rxe2 37. Rb7 Kg7 38. a6 Ra2 39. a7 g5 40. b4 Nxh2 41. b5 Nf1 42. b6 Ne3 43. Kb3 Ra1 44. Rb8 Nd5 45. fxg5 hxg5 46. b7 Rxa7 47. Rg8+ Kh7 48. b8=Q Re7 49. Rh8+ Kg6 50. Qg8+ Kf5 51. Rh2 Kg4 52. Qg7 Rb7+ 53. Ka2 Ra7+ 54. Kb3 Rb7+ 55. Ka4 Nc3+ 56. Ka5 Nd5 57. Rf2 Kxg3 58. Rxf7 Rxf7 59. Qxf7 Nf4 60. Qf6 g4 0-1


[Site "https://www.chess.com"]

[Event "Titled Tuesday Blitz June 20 Early 2023"]
[White "Aldokhin, Ivan"]
[Black "le-castor-faineant"]
[WhiteFideId "24115720"]
[WhiteElo "2322"]
[BlackElo "2151"]
[Result "1-0"]
[Round "2"]
[TimeControl "180+2"]
[Date "2023.06.20"]
[WhiteClock "0:00:20"]
[BlackClock "0:00:33"]
[Board "126"]

1. e4 e5 2. Nf3 Nf6 3. d4 Nxe4 4. Bd3 d5 5. Nxe5 Bd6 6. Nd2 Bf5 7. Qf3 Qf6 8. Nxe4 dxe4 9. Bxe4 Bxe4 10. Qxe4 Bxe5 11. dxe5 Qc6 12. Qxc6+ Nxc6 13. Bf4 O-O-O 14. Rd1 Rhe8 15. Rxd8+ Kxd8 16. Kd2 Nxe5 17. b3 Ng4 18. Bg3 f5 19. h3 Ne5 20. Re1 Ng6 21. Bxc7+ Kd7 22. Rxe8 Kxe8 23. Ke3 Kd7 24. Bb8 a6 25. c4 Ke6 26. b4 Ne7 27. a3 Nc8 28. Kd4 g5 29. Kc5 h5 30. a4 g4 31. hxg4 fxg4 32. Bg3 Kd7 33. a5 Ne7 34. b5 axb5 35. cxb5 Kc8 36. a6 bxa6 37. bxa6 Nf5 38. Kb6 Ne7 39. a7 Nd5+ 40. Kc5 Kb7 41. Kxd5 Kxa7 42. Ke5 Kb7 43. Kf5 Kc8 44. Kg5 Kd7 45. Kxh5 Ke7 46. Kxg4 Kf7 47. f4 Kg6 48. f5+ Kf7 49. Bh4 Kg7 50. Kg5 Kf7 51. g4 Kg7 52. Kh5 Kf7 53. g5 Kg7 54. g6 Kg8 55. f6 Kf8 56. Kh6 Kg8 57. Bf2 Kh8 58. Bc5 Kg8 59. f7+ Kh8 60. Bd4# 1-0


[Site "https://www.chess.com"]

[Event "Titled Tuesday Blitz June 20 Early 2023"]
[White "Aloma Vidal, Robert"]
[Black "Cardenas Carbajal, Nilson"]
[WhiteFideId "2260409"]
[BlackFideId "8401128"]
[WhiteElo "2435"]
[BlackElo "1972"]
[Result "1-0"]
[Round "2"]
[TimeControl "180+2"]
[Date "2023.06.20"]
[WhiteClock "0:02:03"]
[BlackClock "0:00:36"]
[Board "127"]

1. e4 c5 2. c3 d5 3. exd5 Nf6 4. d4 cxd4 5. Nf3 Nxd5 6. Nxd4 g6 7. Bc4 Bg7 8. O-O O-O 9. Nd2 b6 10. N2f3 Bb7 11. Re1 e6 12. Bg5 Qd7 13. Qe2 Nc6 14. Nb3 Rac8 15. Rad1 Nce7 16. Bxe7 Qxe7 17. Bxd5 1-0


[Site "https://www.chess.com"]

[Event "Titled Tuesday Blitz June 20 Early 2023"]
[White "De Souza, Cristiano Gomes"]
[Black "Kollars, Dmitrij"]
[WhiteFideId "2151758"]
[BlackFideId "12909572"]
[WhiteElo "2068"]
[BlackElo "2584"]
[Result "1/2-1/2"]
[Round "2"]
[TimeControl "180+2"]
[Date "2023.06.20"]
[WhiteClock "0:00:13"]
[BlackClock "0:00:49"]
[Board "128"]

1. d4 Nf6 2. c4 e6 3. Nf3 d5 4. Nc3 Nbd7 5. Bg5 h6 6. Bxf6 Nxf6 7. e3 c6 8. Bd3 dxc4 9. Bxc4 b5 10. Bd3 Bb7 11. O-O Be7 12. Rc1 a6 13. Ne4 Nd7 14. a3 O-O 15. Qc2 f5 16. Nc5 Nxc5 17. dxc5 Bf6 18. Rfd1 Qe7 19. b4 a5 20. Nd4 axb4 21. axb4 Ra4 22. Qb3 Rfa8 23. Nxf5 Qf8 24. Qxe6+ Kh8 25. Nd6 Bc8 26. Nf7+ Kg8 27. Nxh6+ Kh8 28. Qe4 g6 29. Qxg6 R8a7 30. Bf5 Rg7 31. Qh5 Bxf5 32. Nxf5+ Rh7 33. Qg6 Rxb4 34. Rd6 Be5 35. Re6 Re4 36. g3 Rf7 37. Rd1 Qg8 38. Qxg8+ Kxg8 39. Rd8+ Rf8 40. Rxf8+ Kxf8 41. Nd6 Bxd6 42. Rxe4 Bxc5 43. Re6 b4 44. Rxc6 Be7 45. Rb6 Ke8 46. h4 Kd7 47. Kg2 Bc5 48. Rb5 Kc6 49. Rb8 Bd6 50. Rxb4 Bxb4 51. f4 Kd5 52. Kf3 Be1 53. e4+ Ke6 54. g4 Bxh4 55. g5 Be1 56. Kg4 Bd2 57. f5+ Ke5 58. g6 Bh6 59. Kh5 Bf8 60. Kg5 Bg7 61. Kh5 Kxe4 62. Kg5 Ke5 63. Kh5 Kxf5 64. Kh4 Kxg6 1/2-1/2


[Site "https://www.chess.com"]

[Event "Titled Tuesday Blitz June 20 Early 2023"]
[White "Kramnik, Vladimir"]
[Black "Gomes, Luiz Alexandre de Souza"]
[WhiteFideId "4101588"]
[BlackFideId "2102790"]
[WhiteElo "2703"]
[BlackElo "2411"]
[Result "1-0"]
[Round "2"]
[TimeControl "180+2"]
[Date "2023.06.20"]
[WhiteClock "0:00:47"]
[BlackClock "0:00:12"]
[Board "129"]

1. c4 e6 2. Nc3 d5 3. d4 Nf6 4. cxd5 exd5 5. Bg5 c6 6. e3 Be7 7. Bd3 Nbd7 8. Nge2 O-O 9. Qc2 Re8 10. O-O Nf8 11. f3 Be6 12. Bh4 Rc8 13. Rad1 c5 14. Bb5 N8d7 15. Kh1 a6 16. Bxd7 Qxd7 17. dxc5 Rxc5 18. Qd2 b5 19. Nf4 b4 20. Bxf6 Bxf6 21. Ncxd5 Bxd5 22. Nxd5 Qe6 23. e4 a5 24. Qf2 Rcc8 25. h3 h6 26. Rfe1 Be5 27. f4 Bb8 28. e5 Qf5 29. Qf3 Rc2 30. Ne3 Qc8 31. Nxc2 Qxc2 32. Qe2 Qc5 33. Rc1 Qb6 34. Qe4 Ba7 35. Qc6 Qb8 36. Qc7 Qa8 37. f5 Bf2 38. e6 fxe6 39. Rxe6 Rf8 40. f6 Bd4 41. Qxg7# 1-0


[Site "https://www.chess.com"]

[Event "Titled Tuesday Blitz June 20 Early 2023"]
[White "Narayanan.S.L"]
[Black "FromTexas54"]
[WhiteFideId "5058422"]
[WhiteElo "2563"]
[BlackElo "2408"]
[Result "1-0"]
[Round "2"]
[TimeControl "180+2"]
[Date "2023.06.20"]
[WhiteClock "0:02:27"]
[BlackClock "0:00:08"]
[Board "130"]

1. b4 d5 2. Bb2 Nf6 3. Nf3 Bf5 4. e3 e6 5. a3 Nbd7 6. Bd3 Bd6 7. Bxf5 exf5 8. O-O O-O 9. d3 c6 10. c4 Qe7 11. Nc3 dxc4 12. dxc4 Rad8 13. Qc2 Ne4 14. Rad1 Ne5 15. Nxe4 Nxf3+ 16. gxf3 fxe4 17. Qxe4 Qxe4 18. fxe4 Be7 19. f4 f6 20. Kf2 Kf7 21. Ke2 g6 22. Rxd8 Rxd8 23. Rd1 Ke6 24. Rxd8 Bxd8 25. Kf3 b5 26. c5 a5 27. Kg4 f5+ 28. Kf3 axb4 29. axb4 Bh4 30. Bc3 h5 31. exf5+ gxf5 32. e4 Be7 33. Be1 Bf6 34. e5 Be7 35. Kg3 Kd5 36. Kh3 Kc4 37. Bh4 Bf8 38. e6 Kxb4 39. e7 Bxe7 40. Bxe7 Kc4 41. Kh4 b4 42. Kxh5 b3 43. Bf6 Kxc5 44. Kg5 Kb4 45. h4 c5 46. h5 c4 47. h6 c3 48. h7 c2 49. Bb2 c1=Q 50. Bxc1 b2 51. Bxb2 1-0


[Site "https://www.chess.com"]

[Event "Titled Tuesday Blitz June 20 Early 2023"]
[White "Ai, Evan"]
[Black "Makhnev, Denis"]
[WhiteFideId "2094770"]
[BlackFideId "13707647"]
[WhiteElo "1963"]
[BlackElo "2515"]
[Result "0-1"]
[Round "2"]
[TimeControl "180+2"]
[Date "2023.06.20"]
[WhiteClock "0:00:22"]
[BlackClock "0:02:16"]
[Board "131"]

1. e4 Nf6 2. e5 Nd5 3. d4 d6 4. c4 Nb6 5. exd6 exd6 6. Nc3 Be7 7. Bd3 O-O 8. Nge2 Nc6 9. O-O Bf6 10. Be3 Re8 11. b3 Bg4 12. h3 Bh5 13. Qd2 Bg6 14. Bxg6 hxg6 15. Nf4 Qd7 16. Nfd5 Nxd5 17. Nxd5 Bd8 18. b4 Ne7 19. Nxe7+ Bxe7 20. d5 Bf6 21. Bd4 Re4 22. Bxf6 gxf6 23. Qc3 f5 24. Rfe1 Rae8 25. f3 R4e5 26. Rxe5 dxe5 27. Rd1 e4 28. fxe4 fxe4 29. c5 e3 30. Qd3 a5 31. a3 axb4 32. axb4 Qa4 33. b5 Qb4 34. Qe2 Qxc5 35. h4 Re5 36. Kh2 Rxd5 37. Rxd5 Qxd5 38. Qxe3 Qxb5 39. Qc3 Qd7 40. Qf6 Qd6+ 41. Qxd6 cxd6 42. Kg3 b5 43. Kf3 Kg7 44. Ke4 f5+ 45. Kd5 Kh6 46. g3 Kh5 47. Kxd6 b4 48. Kc5 b3 0-1


[Site "https://www.chess.com"]

[Event "Titled Tuesday Blitz June 20 Early 2023"]
[White "Makhmudov, Shukhrat"]
[Black "Babazada, Khazar"]
[WhiteFideId "14200775"]
[BlackFideId "13413554"]
[WhiteElo "2135"]
[BlackElo "2369"]
[Result "0-1"]
[Round "2"]
[TimeControl "180+2"]
[Date "2023.06.20"]
[WhiteClock "0:00:39"]
[BlackClock "0:01:42"]
[Board "132"]

1. e4 e5 2. Nf3 Nc6 3. Bb5 a6 4. Bxc6 dxc6 5. d4 exd4 6. Qxd4 Qxd4 7. Nxd4 Bd7 8. O-O O-O-O 9. Nc3 Nf6 10. Bg5 Be7 11. e5 Nd5 12. Bxe7 Nxe7 13. f4 c5 14. Nf3 h6 15. Ne4 b6 16. c4 Bc6 17. Rfe1 Nf5 18. Ng3 Nd4 19. Nxd4 Rxd4 20. f5 Rxc4 21. e6 fxe6 22. fxe6 Re8 23. Nf5 Rc2 24. e7 Rxg2+ 25. Kf1 Rg5 26. Ng3 h5 27. Re3 h4 28. Ne2 Rf5+ 29. Kg1 Rf7 30. Nf4 Rxf4 0-1


[Site "https://www.chess.com"]

[Event "Titled Tuesday Blitz June 20 Early 2023"]
[White "Timofeev, Artyom"]
[Black "Fiedorek, Michal"]
[WhiteFideId "4140419"]
[BlackFideId "1199528"]
[WhiteElo "2570"]
[BlackElo "2135"]
[Result "1-0"]
[Round "2"]
[TimeControl "180+2"]
[Date "2023.06.20"]
[WhiteClock "0:01:51"]
[BlackClock "0:00:22"]
[Board "133"]

1. d4 d5 2. c4 e6 3. Nc3 Nf6 4. Bg5 Be7 5. e3 h6 6. Bxf6 Bxf6 7. Qf3 dxc4 8. Bxc4 O-O 9. Rd1 c5 10. Nge2 cxd4 11. Nxd4 Qc7 12. Bb3 Nd7 13. O-O Ne5 14. Qg3 Bd7 15. Ne4 Be7 16. Rc1 Bc6 17. Bxe6 Bd8 18. Nxc6 Nxc6 19. Qxc7 Bxc7 20. Bd5 Be5 21. Bxc6 bxc6 22. b3 Rfc8 23. Rc2 a5 24. Nc5 Bd6 25. Na4 Rc7 26. g3 h5 27. Kg2 g6 28. Rfc1 Rac8 29. Nb6 Kg7 30. Nxc8 1-0


[Site "https://www.chess.com"]

[Event "Titled Tuesday Blitz June 20 Early 2023"]
[White "Carrasco Miranda, Andres"]
[Black "Kobo, Ori"]
[WhiteFideId "3405990"]
[BlackFideId "2812320"]
[WhiteElo "2183"]
[BlackElo "2454"]
[Result "1/2-1/2"]
[Round "2"]
[TimeControl "180+2"]
[Date "2023.06.20"]
[WhiteClock "0:00:25"]
[BlackClock "0:00:37"]
[Board "134"]

1. d4 Nf6 2. c4 g6 3. g3 Bg7 4. Bg2 d6 5. Nc3 O-O 6. Nf3 c6 7. e4 Bg4 8. h3 Bxf3 9. Bxf3 e5 10. d5 cxd5 11. cxd5 a5 12. h4 h5 13. Bg5 Qb6 14. Rb1 Nbd7 15. Kf1 Nh7 16. Be3 Qd8 17. Qd2 Ndf6 18. Kg2 Qd7 19. a4 Ng4 20. Bxg4 Qxg4 21. f3 Qd7 22. Bh6 f5 23. Bxg7 Kxg7 24. Rbc1 Nf6 25. Nb5 Rac8 26. exf5 gxf5 27. Rxc8 Rxc8 28. Rc1 Rxc1 29. Qxc1 f4 30. gxf4 e4 31. Qc7 Qxc7 32. Nxc7 Kg6 33. fxe4 Nxe4 34. Kf3 Kf5 35. Ne6 Nd2+ 36. Kg3 Ne4+ 37. Kf3 Nd2+ 38. Kg3 Ne4+ 39. Kf3 1/2-1/2


[Site "https://www.chess.com"]

[Event "Titled Tuesday Blitz June 20 Early 2023"]
[White "Kovalenko, Igor"]
[Black "Ramirez Vido, Robert Yorisan"]
[WhiteFideId "14117908"]
[BlackFideId "3513823"]
[WhiteElo "2574"]
[BlackElo "2402"]
[Result "1-0"]
[Round "2"]
[TimeControl "180+2"]
[Date "2023.06.20"]
[WhiteClock "0:01:14"]
[BlackClock "0:00:00"]
[Board "135"]

1. e4 d6 2. d4 Nf6 3. Bd3 g6 4. Qe2 Nc6 5. c3 Bg7 6. f4 O-O 7. e5 Nd5 8. Nf3 Bg4 9. O-O dxe5 10. fxe5 e6 11. h3 Bxf3 12. Rxf3 Nce7 13. Nd2 c5 14. dxc5 Qc7 15. Ne4 Bxe5 16. Bh6 Bg7 17. Bxg7 Kxg7 18. Qf2 f5 19. Ng5 Rf6 20. c4 Nb4 21. a3 Nxd3 22. Rxd3 Rc8 23. b4 h6 24. Nf3 Nc6 25. Rad1 Rf7 26. Rd6 e5 27. Qg3 1-0


[Site "https://www.chess.com"]

[Event "Titled Tuesday Blitz June 20 Early 2023"]
[White "Hambleton, Aman"]
[Black "Kupervaser, Erez"]
[WhiteFideId "2606577"]
[BlackFideId "2814587"]
[WhiteElo "2511"]
[BlackElo "2216"]
[Result "1-0"]
[Round "2"]
[TimeControl "180+2"]
[Date "2023.06.20"]
[WhiteClock "0:00:02"]
[BlackClock "0:00:01"]
[Board "136"]

1. e4 g6 2. d4 Nf6 3. e5 Nh5 4. Nf3 d6 5. h3 dxe5 6. Nxe5 Bg7 7. Be2 Nf6 8. O-O O-O 9. Bf3 c6 10. Re1 Be6 11. Bg5 Bd5 12. Be2 Nbd7 13. c4 Be6 14. Nf3 Qb6 15. Qc1 Rfe8 16. Nc3 Rad8 17. Bf1 Nh5 18. Be3 Qc7 19. d5 Bxc3 20. dxe6 Bxe1 21. exd7 Bxf2+ 22. Bxf2 Rxd7 23. Qe3 f6 24. c5 Red8 25. Bc4+ Kg7 26. Re1 Nf4 27. Kh1 e5 28. Bg3 Qa5 29. a3 g5 30. b4 Qc7 31. h4 h6 32. Kg1 Re7 33. Bb3 Qd7 34. Bc2 Qg4 35. Bxf4 gxf4 36. Qe4 Kh8 37. Rf1 Rg8 38. Rf2 Reg7 39. Qf5 Qg3 40. Qxf6 Rd8 41. Qxd8+ 1-0


[Site "https://www.chess.com"]

[Event "Titled Tuesday Blitz June 20 Early 2023"]
[White "Zia, Tahsin Tajwar"]
[Black "Dehtiarov, Roman"]
[WhiteFideId "10211888"]
[BlackFideId "14186640"]
[WhiteElo "2062"]
[BlackElo "2189"]
[Result "0-1"]
[Round "2"]
[TimeControl "180+2"]
[Date "2023.06.20"]
[WhiteClock "0:01:08"]
[BlackClock "0:00:42"]
[Board "137"]

1. d4 Nf6 2. c4 e6 3. Nc3 Bb4 4. a3 Bxc3+ 5. bxc3 b6 6. f3 d6 7. e4 Ba6 8. Bd3 O-O 9. Ne2 Nc6 10. Ng3 Na5 11. Qe2 c5 12. O-O cxd4 13. cxd4 Nb3 14. Bb2 Nxa1 15. Bxa1 d5 16. cxd5 Bxd3 17. Qxd3 exd5 18. e5 Ne8 19. f4 Qc7 20. f5 Qc4 21. Qe3 f6 22. Nh5 Rc8 23. e6 Nd6 24. Bb2 Ne4 25. Qf4 Qe2 26. Ng3 Nxg3 27. Qxg3 Qxb2 28. e7 Rfe8 29. Qd6 Rc2 30. Qxd5+ Kh8 31. Re1 Rc1 32. Rxc1 Qxc1+ 33. Kf2 Qf4+ 34. Ke2 Rxe7+ 35. Kd1 Qf1+ 36. Kd2 Re2+ 37. Kd3 Qd1+ 38. Kc4 Rc2+ 39. Kb5 Rc8 40. Qd7 Qd3+ 0-1


[Site "https://www.chess.com"]